[Event "Slovakia Chess Open 2024"]
[Site "Modra"]
[Date "2024.03.02"]
[Round "3.15"]
[White "Smetana, Peter"]
[Black "Veres, Alex"]
[Result "1-0"]
[ECO "C15"]
[WhiteElo "1993"]
[BlackElo "1584"]
[Annotator "NA"]
[PlyCount "69"]
[EventDate "2024.02.29"]
[EventType "swiss"]
[EventCountry "SVK"]
[SourceTitle "playchess.com"]
[Source "ChessBase"]
[SourceQuality "1"]
[TimeControl "5400+30"]

1. e4 e6 2. Nc3 d5 3. d4 Bb4 4. Nge2 dxe4 5. a3 Bxc3+ 6. Nxc3 Nf6 7. Bg5 Nbd7 8. Nxe4 h6 9. Nxf6+ Nxf6 10. Bh4 c5 11. dxc5 Qxd1+ 12. Rxd1 Bd7 13. Bxf6 gxf6 14. Bd3 Bc6 15. f3 f5 16. Kf2 Rc8 17. Rhe1 Kf8 18. b4 a6 19. Rd2 Kg7 20. Red1 Rhd8 21. Be2 Rxd2 22. Rxd2 Kf6 23. f4 Ke7 24. Bf3 Be4 25. Ke3 Bxf3 26. Kxf3 Rg8 27. Rd6 Rd8 28. Rb6 Rd7 29. c6 bxc6 30. Rxc6 Rd6 31. Rc7+ Ke8 32. Ke2 f6 33. Rh7 e5 34. Rxh6 e4 35. Rh5 1-0

[Event "Slovakia Chess Open 2024"]
[Site "Modra"]
[Date "2024.03.02"]
[Round "3.16"]
[White "Hasala, Richard"]
[Black "Hanzel, Richard"]
[Result "1-0"]
[ECO "D04"]
[WhiteElo "1935"]
[BlackElo "1531"]
[Annotator "NA RC"]
[PlyCount "57"]
[EventDate "2024.02.29"]
[EventType "swiss"]
[EventCountry "SVK"]
[SourceTitle "playchess.com"]
[Source "ChessBase"]
[SourceQuality "1"]
[TimeControl "5400+30"]

1. d4 d5 2. Nf3 c6 3. e3 Nf6 4. Bd3 Bg4 5. h3 Bh5 6. g4 Bg6 7. Ne5 Bxd3 8. cxd3 e6 9. O-O h6 10. f4 Nfd7 11. f5 Nxe5 12. dxe5 Qe7 13. e4 Nd7 14. exd5 cxd5 15. d4 g5 16. Nc3 a6 17. Be3 Qb4 18. fxe6 fxe6 19. Qc2 Qe7 20. Qg6+ Kd8 21. Rac1 Qe8 22. Qc2 Rc8 23. Qb3 Rb8 24. Nxd5 exd5 25. Qxd5 Be7 26. e6 Rf8 27. Bd2 Rxf1+ 28. Kxf1 b6 29. Qc6 1-0

[Event "Slovakia Chess Open 2024"]
[Site "Modra"]
[Date "2024.03.02"]
[Round "3.17"]
[White "Hitka, Dominik"]
[Black "Fratric, Jakub"]
[Result "1-0"]
[ECO "A00"]
[WhiteElo "1709"]
[BlackElo "1750"]
[Annotator "NA RC"]
[PlyCount "103"]
[EventDate "2024.02.29"]
[EventType "swiss"]
[EventCountry "SVK"]
[SourceTitle "playchess.com"]
[Source "ChessBase"]
[SourceQuality "1"]
[TimeControl "5400+30"]

1. a3 c5 2. f4 d5 3. e3 g6 4. Nf3 Bg7 5. Be2 Nc6 6. O-O Nh6 7. d4 cxd4 8. exd4 O-O 9. c3 Nf5 10. Ne5 f6 11. Nd3 Kh8 12. Bf3 Rb8 13. Re1 Qd6 14. Qe2 Re8 15. Nb4 Bd7 16. Qd3 e6 17. Nc2 Na5 18. Ra2 b5 19. Ne3 Nh4 20. Nd2 Qxf4 21. Rf1 Nxf3+ 22. Rxf3 Qd6 23. b4 Nc4 24. Nb3 e5 25. Qf1 e4 26. Rff2 Nb6 27. Nc5 Rf8 28. Nc2 Rbc8 29. Bf4 Qe7 30. Ne3 Bc6 31. g4 Rcd8 32. h4 Nc4 33. Nxc4 dxc4 34. Rae2 Rf7 35. Qe1 f5 36. g5 Re8 37. Re3 Kg8 38. Rh2 Rff8 39. Qg3 Rd8 40. Bc7 Rd5 41. Bf4 Rdd8 42. Qh3 Kf7 43. h5 Rh8 44. h6 Bxd4 45. cxd4 Rxd4 46. Qg3 Rhd8 47. Rhe2 Rd1+ 48. Re1 R1d2 49. R3e2 R2d5 50. Qf2 a5 51. Nxe4 Qf8 52. Nf6 1-0

[Event "Slovakia Chess Open 2024"]
[Site "Modra"]
[Date "2024.03.02"]
[Round "3.18"]
[White "Smolka, Robert"]
[Black "Banas, Samuel"]
[Result "1-0"]
[ECO "C44"]
[WhiteElo "1620"]
[BlackElo "1733"]
[Annotator "NA RC"]
[PlyCount "57"]
[EventDate "2024.02.29"]
[EventType "swiss"]
[EventCountry "SVK"]
[SourceTitle "playchess.com"]
[Source "ChessBase"]
[SourceQuality "1"]
[TimeControl "5400+30"]

1. e4 e5 2. Nf3 Nc6 3. d4 exd4 4. Bc4 Bc5 5. Ng5 Nh6 6. Nxf7 Nxf7 7. Bxf7+ Kxf7 8. Qh5+ g6 9. Qxc5 d6 10. Qb5 Re8 11. O-O Rxe4 12. Qd5+ Re6 13. Re1 Ne5 14. Bf4 Qf6 15. Bg3 c6 16. Qb3 d5 17. Nd2 b6 18. c4 Bb7 19. Rac1 Rae8 20. cxd5 cxd5 21. Rc7+ R8e7 22. Rxe7+ Qxe7 23. Rc1 Nc4 24. Nf3 Ba6 25. h3 Re2 26. Nxd4 Rxb2 27. Qf3+ Kg7 28. Qc3 Rxa2 29. Nf5+ 1-0

[Event "Slovakia Chess Open 2024"]
[Site "Modra"]
[Date "2024.03.03"]
[Round "4.1"]
[White "Bochnicka, Vladimir"]
[Black "Krivoborodov, Egor"]
[Result "0-1"]
[ECO "B51"]
[WhiteElo "2413"]
[BlackElo "2555"]
[Annotator "RC"]
[PlyCount "124"]
[EventDate "2024.02.29"]
[EventType "swiss"]
[EventCountry "SVK"]
[SourceTitle "playchess.com"]
[Source "ChessBase"]
[SourceQuality "1"]
[TimeControl "5400+30"]

1. e4 c5 2. Nf3 d6 3. Bb5+ Nd7 4. a4 Ngf6 5. Nc3 a6 6. Be2 b6 7. d4 cxd4 8. Qxd4 Bb7 9. O-O e6 10. Be3 Be7 11. Nd2 O-O 12. Rfd1 Rc8 13. Nc4 d5 14. exd5 exd5 15. Nd2 Bc5 16. Qf4 Bxe3 17. fxe3 Qe7 18. Nf1 Rfe8 19. Rd2 Ne5 20. Rad1 Qc5 21. Qd4 Nc4 22. Bxc4 dxc4 23. Qxc5 Rxc5 24. Rd6 Bc6 25. Rd8 Kf8 26. Ng3 Rxd8 27. Rxd8+ Ke7 28. Rd4 b5 29. axb5 axb5 30. Nce4 Nxe4 31. Nxe4 Re5 32. Ng3 g6 33. Kf2 Bb7 34. Ne2 g5 35. g4 f5 36. Ng3 fxg4 37. Rxg4 h6 38. Rd4 Bc8 39. e4 Be6 40. Ke3 b4 41. b3 cxb3 42. cxb3 Rb5 43. Nf5+ Bxf5 44. exf5 Kf6 45. Ke4 Re5+ 46. Kd3 Rxf5 47. Rxb4 Rf3+ 48. Kd4 Rh3 49. Rb6+ Kf5 50. b4 Rxh2 51. b5 h5 52. Rb8 Kg4 53. Kc3 Rh1 54. Kc2 Rf1 55. b6 Rf6 56. Kd3 h4 57. Kd4 h3 58. b7 Rb6 59. Ke4 Rb1 60. Ke5 h2 61. Rh8 Kg3 62. Kf5 Rb5+ 0-1

[Event "Slovakia Chess Open 2024"]
[Site "Modra"]
[Date "2024.03.03"]
[Round "4.2"]
[White "Stevik, Patrik"]
[Black "Bucor, Mark"]
[Result "1-0"]
[ECO "D34"]
[WhiteElo "2167"]
[BlackElo "1852"]
[Annotator "RC"]
[PlyCount "89"]
[EventDate "2024.02.29"]
[EventType "swiss"]
[EventCountry "SVK"]
[SourceTitle "playchess.com"]
[Source "ChessBase"]
[SourceQuality "1"]
[TimeControl "5400+30"]

1. Nf3 c5 2. g3 Nf6 3. Bg2 d5 4. O-O e6 5. d4 Nc6 6. c4 Be7 7. cxd5 exd5 8. Nc3 O-O 9. Bg5 cxd4 10. Nxd4 h6 11. Bxf6 Bxf6 12. Nb3 Be6 13. Nxd5 Bxd5 14. Qxd5 Qxd5 15. Bxd5 Bxb2 16. Rab1 Ba3 17. Nd2 Rad8 18. e4 Na5 19. Nb3 b6 20. Nxa5 bxa5 21. Rb5 Bb4 22. a3 a6 23. Rb7 Bxa3 24. Ra1 Bb4 25. Rc1 Bd6 26. Rc6 Be5 27. Rxa6 Rb8 28. Rxb8 Bxb8 29. Rxa5 Kh7 30. Ra8 f6 31. Kg2 Bd6 32. Ra6 Bc7 33. f4 Re8 34. h4 Rb8 35. h5 Rb1 36. Rc6 Bb8 37. Bf7 g5 38. hxg6+ Kg7 39. Rc8 Rb2+ 40. Kh3 f5 41. e5 h5 42. Rg8+ Kh6 43. Rh8+ Kg7 44. Rh7+ Kf8 45. Bd5 1-0

[Event "Slovakia Chess Open 2024"]
[Site "Modra"]
[Date "2024.03.03"]
[Round "4.3"]
[White "Oruzinsky, Juraj"]
[Black "Shirinyan, Daniel"]
[Result "1/2-1/2"]
[ECO "B22"]
[WhiteElo "2160"]
[BlackElo "2177"]
[Annotator "ChessBase"]
[PlyCount "142"]
[EventDate "2024.02.29"]
[EventType "swiss"]
[EventCountry "SVK"]
[SourceTitle "playchess.com"]
[Source "ChessBase"]
[SourceQuality "1"]
[TimeControl "5400+30"]

1. e4 c5 2. c3 d5 3. exd5 Qxd5 4. d4 Nc6 5. Nf3 Bg4 6. Be2 cxd4 7. cxd4 e6 8. Nc3 Bb4 9. O-O Qa5 10. Bd2 Nf6 11. a3 Bxc3 12. bxc3 Ne4 13. h3 Bh5 14. Qc2 Nxd2 15. Qxd2 O-O 16. Rfb1 Qc7 17. Rb5 Bg6 18. Bd3 Rfd8 19. Bxg6 hxg6 20. Qe3 b6 21. Rc1 Rac8 22. Qe4 Ne7 23. Ng5 Qc6 24. Rbb1 Qxe4 25. Nxe4 Rc4 26. Nd2 Ra4 27. Rb3 Nc6 28. Rcb1 Na5 29. Rb4 Rxa3 30. Nc4 Nxc4 31. Rxc4 Ra2 32. Rc7 Rd5 33. Rc8+ Kh7 34. Rc7 Rf5 35. f3 g5 36. c4 Kg6 37. c5 bxc5 38. Rxc5 Rd2 39. Rxf5 exf5 40. Ra1 Rxd4 41. Ra6+ f6 42. Rxa7 Rd2 43. g4 Rd1+ 44. Kg2 Rd2+ 45. Kg1 f4 46. Rb7 Rd1+ 47. Kg2 Ra1 48. Rb2 Rc1 49. Ra2 Rc7 50. Rb2 Ra7 51. Rc2 Re7 52. Ra2 Kf7 53. Ra6 Re2+ 54. Kg1 Re7 55. Kf2 Rd7 56. Rb6 Ke7 57. Ra6 Rd2+ 58. Kg1 Rd7 59. Kf2 g6 60. Ke2 Rd6 61. Rxd6 Kxd6 62. Kd2 Kc6 63. Kc2 Kb6 64. Kb2 Kc6 65. Kc2 Kd6 66. Kd2 Ke6 67. Kc2 Ke5 68. Kc3 Kd5 69. Kd3 Kc5 70. Kc3 Kd5 71. Kd3 Kc5 1/2-1/2

[Event "Slovakia Chess Open 2024"]
[Site "Modra"]
[Date "2024.03.03"]
[Round "4.4"]
[White "Kukla, Tomas"]
[Black "Banas, Kamil"]
[Result "0-1"]
[ECO "D55"]
[WhiteElo "1864"]
[BlackElo "2162"]
[Annotator "RC"]
[PlyCount "144"]
[EventDate "2024.02.29"]
[EventType "swiss"]
[EventCountry "SVK"]
[SourceTitle "playchess.com"]
[Source "ChessBase"]
[SourceQuality "1"]
[TimeControl "5400+30"]

1. d4 d5 2. c4 e6 3. Nf3 Nf6 4. Nc3 Be7 5. Bg5 O-O 6. e3 h6 7. Bxf6 Bxf6 8. Bd3 dxc4 9. Bxc4 b6 10. O-O Bb7 11. Qe2 Nd7 12. Rfd1 Qc8 13. Rac1 Rd8 14. d5 Nf8 15. e4 e5 16. Nb5 a6 17. Nc3 Rd6 18. Rc2 g5 19. Ne1 Ng6 20. Nd3 Nf4 21. Nxf4 gxf4 22. Qh5 Bg7 23. Be2 Rg6 24. h4 Qe8 25. Kh2 Qe7 26. Bg4 Bc8 27. Bf5 Rd6 28. Rdc1 Bxf5 29. exf5 e4 30. Ne2 Qe5 31. g3 Rxd5 32. Nxf4 Qxf5 33. Qxf5 Rxf5 34. b4 Be5 35. Ng2 Rf3 36. Re1 f5 37. Re3 Rxe3 38. Nxe3 Rf8 39. Nd5 Rf7 40. Rc6 Kg7 41. h5 Rd7 42. Ne3 f4 43. Nf5+ Kf8 44. Rc2 fxg3+ 45. Nxg3 Rd4 46. a3 Rd3 47. Ra2 e3 48. Re2 Bxg3+ 49. Kxg3 exf2+ 50. Kxf2 Rxa3 51. Rc2 Rh3 52. Rxc7 Rxh5 53. Rb7 Rb5 54. Ra7 Rxb4 55. Rxa6 Ke7 56. Ke3 Kd6 57. Ra8 Kc5 58. Rc8+ Kb5 59. Rh8 Rh4 60. Kd3 Kb4 61. Rb8 b5 62. Kc2 Rh2+ 63. Kc1 Kc3 64. Rc8+ Kb3 65. Rb8 b4 66. Rf8 Rh1+ 67. Kd2 Kb2 68. Rc8 b3 69. Kd3 Rd1+ 70. Ke2 Rd5 71. Ke1 Kb1 72. Rb8 b2 0-1

[Event "Slovakia Chess Open 2024"]
[Site "Modra"]
[Date "2024.03.03"]
[Round "4.5"]
[White "Galla, Richard"]
[Black "Loffay, Pavol"]
[Result "1-0"]
[ECO "A83"]
[WhiteElo "1975"]
[BlackElo "1753"]
[Annotator "RC"]
[PlyCount "57"]
[EventDate "2024.02.29"]
[EventType "swiss"]
[EventCountry "SVK"]
[SourceTitle "playchess.com"]
[Source "ChessBase"]
[SourceQuality "1"]
[TimeControl "5400+30"]

1. d4 f5 2. e4 fxe4 3. Nc3 Nf6 4. Bg5 e6 5. Nxe4 Be7 6. Bxf6 Bxf6 7. c3 b6 8. Bd3 Bb7 9. Qh5+ g6 10. Qf3 Bxe4 11. Qxe4 c6 12. Nf3 Qe7 13. O-O-O d5 14. Qe2 O-O 15. Rde1 Re8 16. h4 Nd7 17. h5 Qg7 18. hxg6 hxg6 19. g4 e5 20. g5 e4 21. gxf6 Nxf6 22. Ne5 exd3 23. Qxd3 Ne4 24. Rhg1 Re6 25. f3 Nc5 26. dxc5 Rxe5 27. Rxe5 Qxe5 28. Qxg6+ Kf8 29. Qg8+ 1-0

[Event "Slovakia Chess Open 2024"]
[Site "Modra"]
[Date "2024.03.03"]
[Round "4.6"]
[White "Pisarcik, Richard"]
[Black "Mruskovic, Radoslav"]
[Result "0-1"]
[ECO "B07"]
[WhiteElo "1855"]
[BlackElo "1933"]
[Annotator "RC"]
[PlyCount "92"]
[EventDate "2024.02.29"]
[EventType "swiss"]
[EventCountry "SVK"]
[SourceTitle "playchess.com"]
[Source "ChessBase"]
[SourceQuality "1"]
[TimeControl "5400+30"]

1. e4 d6 2. d4 g6 3. Nc3 Bg7 4. Be2 Nf6 5. g4 b6 6. g5 Nfd7 7. Be3 Bb7 8. f3 c5 9. Qd2 Nc6 10. d5 Nd4 11. Bxd4 Bxd4 12. f4 a6 13. Nf3 Bg7 14. O-O-O b5 15. Rde1 Qa5 16. e5 b4 17. Nb1 dxe5 18. fxe5 Qxa2 19. Qf4 Bxd5 20. Rhf1 O-O 21. h4 Nb6 22. h5 Na4 23. Kd2 Rad8 24. Ke3 Qxb2 25. Rc1 Bxf3 26. Kxf3 Qxe5 27. Qxe5 Bxe5 28. Bxa6 Rd4 29. Rfe1 f6 30. Kg2 Rg4+ 31. Kf3 Rxg5 32. hxg6 hxg6 33. Rh1 Rg3+ 34. Kf2 Nc3 35. Nxc3 Rxc3 36. Ke2 Bf4 37. Rcg1 Rxc2+ 38. Kf3 Bg5 39. Ke4 Rd8 40. Rd1 Rxd1 41. Rxd1 Rd2 42. Ra1 Rd4+ 43. Kf3 c4 44. Ra4 c3 45. Bc8 Kf7 46. Ra2 b3 0-1

[Event "Slovakia Chess Open 2024"]
[Site "Modra"]
[Date "2024.03.03"]
[Round "4.7"]
[White "Palka, Miroslav"]
[Black "Melih, Mario"]
[Result "0-1"]
[ECO "A23"]
[WhiteElo "1780"]
[BlackElo "1930"]
[Annotator "RC"]
[PlyCount "42"]
[EventDate "2024.02.29"]
[EventType "swiss"]
[EventCountry "SVK"]
[SourceTitle "playchess.com"]
[Source "ChessBase"]
[SourceQuality "1"]
[TimeControl "5400+30"]

1. c4 e5 2. Nc3 Nf6 3. g3 c6 4. Bg2 d5 5. cxd5 cxd5 6. d4 e4 7. f3 exf3 8. Nxf3 Nc6 9. O-O Be6 10. Re1 Be7 11. e4 dxe4 12. Nxe4 O-O 13. Nc3 Rc8 14. Bg5 h6 15. Be3 Nd5 16. Nxd5 Bxd5 17. a3 Bf6 18. Bf2 Qb6 19. Qa4 Bxf3 20. Bxf3 Bxd4 21. Bxd4 Nxd4 0-1

[Event "Slovakia Chess Open 2024"]
[Site "Modra"]
[Date "2024.03.03"]
[Round "4.8"]
[White "Novomeska, Karin"]
[Black "Pietrucha, Jaroslaw"]
[Result "1-0"]
[ECO "E07"]
[WhiteElo "1929"]
[BlackElo "1781"]
[Annotator "RC"]
[PlyCount "85"]
[EventDate "2024.02.29"]
[EventType "swiss"]
[EventCountry "SVK"]
[SourceTitle "playchess.com"]
[Source "ChessBase"]
[SourceQuality "1"]
[TimeControl "5400+30"]

1. d4 d5 2. c4 e6 3. Nc3 Nf6 4. Nf3 Be7 5. g3 O-O 6. Bg2 Nbd7 7. O-O b6 8. b3 Bb7 9. Qd3 c5 10. cxd5 Nxd5 11. Nxd5 Bxd5 12. Bb2 cxd4 13. Qxd4 Bf6 14. Qd2 Rc8 15. Rfd1 Bxb2 16. Qxb2 Qe7 17. Rd4 Bxf3 18. Bxf3 Nf6 19. Rad1 Rfd8 20. Qd2 Rxd4 21. Qxd4 Kf8 22. Qd3 Qc7 23. Kg2 Ke7 24. Qa6 Kf8 25. Rd4 Re8 26. Rc4 Qb8 27. Rc6 Nd7 28. Qa3+ Kg8 29. Rc3 Nf6 30. Qc1 Qe5 31. Rc7 Qa5 32. a4 h6 33. Qc6 Qb4 34. Rxa7 Qxb3 35. Rb7 e5 36. Rxb6 Qa2 37. Qb5 Re7 38. e3 e4 39. Be2 Nd5 40. Rb8+ Kh7 41. Rd8 Nc3 42. Qf5+ g6 43. Qf6 1-0

[Event "Slovakia Chess Open 2024"]
[Site "Modra"]
[Date "2024.03.03"]
[Round "4.9"]
[White "Hitka, Dominik"]
[Black "Smetana, Peter"]
[Result "0-1"]
[ECO "A37"]
[WhiteElo "1709"]
[BlackElo "1993"]
[Annotator "RC"]
[PlyCount "59"]
[EventDate "2024.02.29"]
[EventType "swiss"]
[EventCountry "SVK"]
[SourceTitle "playchess.com"]
[Source "ChessBase"]
[SourceQuality "1"]
[TimeControl "5400+30"]

1. Nf3 g6 2. c4 Bg7 3. Nc3 c5 4. g3 Nc6 5. Bg2 d6 6. O-O Bf5 7. d3 Qd7 8. Re1 e5 9. Rb1 Nge7 10. a3 a5 11. Bd2 O-O 12. Qc1 Bg4 13. Bh6 Bxf3 14. Bxg7 Kxg7 15. exf3 Qf5 16. Qe3 Nd4 17. Qe4 Qxe4 18. fxe4 Rab8 19. Ne2 b5 20. b3 bxc4 21. dxc4 Ne6 22. Rb2 Rfd8 23. f4 Nd4 24. Rd2 Ndc6 25. Bh3 f6 26. Rb1 Rb6 27. b4 axb4 28. axb4 Rxb4 29. Ra1 Nd4 30. Ra7 0-1

[Event "Slovakia Chess Open 2024"]
[Site "Modra"]
[Date "2024.03.03"]
[Round "4.10"]
[White "Visvader, Kristof"]
[Black "Hasala, Richard"]
[Result "0-1"]
[ECO "B45"]
[WhiteElo "1696"]
[BlackElo "1935"]
[Annotator "RC"]
[PlyCount "62"]
[EventDate "2024.02.29"]
[EventType "swiss"]
[EventCountry "SVK"]
[SourceTitle "playchess.com"]
[Source "ChessBase"]
[SourceQuality "1"]
[TimeControl "5400+30"]

1. e4 c5 2. Nf3 e6 3. d4 cxd4 4. Nxd4 Nf6 5. Nc3 Nc6 6. Be3 Be7 7. Bc4 O-O 8. f3 a6 9. a4 d5 10. exd5 exd5 11. Bb3 Re8 12. O-O Bc5 13. Bf2 Qb6 14. Nce2 Na5 15. Qd2 Bd7 16. Nc3 Bc6 17. Nxc6 Nxb3 18. cxb3 bxc6 19. Bxc5 Qxc5+ 20. Qf2 Qxf2+ 21. Rxf2 Rab8 22. Ra3 d4 23. Na2 c5 24. b4 c4 25. Rc2 d3 26. Rd2 Nd5 27. Kf2 Nxb4 28. Nxb4 Rxb4 29. b3 cxb3 30. Rxd3 b2 31. Rdb3 b1=Q 0-1

[Event "Slovakia Chess Open 2024"]
[Site "Modra"]
[Date "2024.03.03"]
[Round "4.11"]
[White "Chojnacki, Kevin"]
[Black "Petrik, Matus"]
[Result "1/2-1/2"]
[ECO "A09"]
[WhiteElo "1672"]
[BlackElo "1812"]
[Annotator "NA RC"]
[PlyCount "69"]
[EventDate "2024.02.29"]
[EventType "swiss"]
[EventCountry "SVK"]
[SourceTitle "playchess.com"]
[Source "ChessBase"]
[SourceQuality "1"]
[TimeControl "5400+30"]

1. Nf3 d5 2. c4 d4 3. e3 Nc6 4. exd4 Nxd4 5. Nxd4 Qxd4 6. d3 {[%emt 0:00:39] A09: Réti Opening: 1 Nf3 d5 2 c4.} Bg4 7. Qa4+ Bd7 8. Qc2 Bc6 9. Be3 Qd7 10. Nc3 Nf6 11. d4 e6 12. a3 g6 13. b4 b6 14. f3 Bg7 15. Be2 O-O 16. O-O Rad8 17. Rad1 Qe7 18. Rd2 Bb7 19. Rfd1 Rd7 20. Bg5 Qe8 21. Kh1 Qa8 22. Be3 Rfd8 23. Kg1 Kh8 24. Bg5 h6 25. Be3 Kh7 26. Bf2 Ng8 27. Bd3 Kh8 28. Be4 Bf6 29. Bxb7 Qxb7 30. Ne4 Be7 31. Qc3 Kh7 32. c5 Qc6 33. Qb3 b5 34. Nc3 Bf6 35. Ne4 $11 1/2-1/2

[Event "Slovakia Chess Open 2024"]
[Site "Modra"]
[Date "2024.03.03"]
[Round "4.12"]
[White "Nosal, Tobias"]
[Black "Mruskovic, Ondrej"]
[Result "1-0"]
[ECO "D00"]
[WhiteElo "1773"]
[BlackElo "1510"]
[Annotator "NA RC"]
[PlyCount "116"]
[EventDate "2024.02.29"]
[EventType "swiss"]
[EventCountry "SVK"]
[SourceTitle "playchess.com"]
[Source "ChessBase"]
[SourceQuality "1"]
[TimeControl "5400+30"]

1. d4 e6 2. Nc3 d5 3. Bf4 Bd6 4. e3 Bxf4 5. exf4 Nc6 6. Nf3 Qf6 7. Qd2 a6 8. Bd3 Nge7 9. O-O Bd7 10. Ne2 Na7 11. a4 Nac6 12. b4 Nf5 13. c3 O-O 14. Ne5 Nxe5 15. fxe5 Qe7 16. Ng3 Nxg3 17. hxg3 Ra7 18. f3 b6 19. Kf2 a5 20. Rh1 f5 21. exf6 Qxf6 22. Bxh7+ Kf7 23. b5 c6 24. Rh4 Ke8 25. Bd3 Rc7 26. Rah1 c5 27. Rf4 Qe7 28. Bg6+ Kd8 29. Rhh4 Rxf4 30. Rxf4 Be8 31. Bxe8 Qxe8 32. Rg4 c4 33. Qg5+ Kc8 34. Qe5 Qf7 35. Qd6 Kb7 36. Qe5 Rd7 37. Qg5 Qf6 38. Ke3 Re7 39. Qxf6 gxf6 40. Rg6 Rf7 41. Kf4 Kc7 42. Rg8 Re7 43. Rf8 e5+ 44. Ke3 Re6 45. dxe5 fxe5 46. g4 Rd6 47. Rf7+ Kc8 48. g5 d4+ 49. cxd4 exd4+ 50. Kd2 d3 51. Rf6 Rd4 52. g6 c3+ 53. Kxc3 d2 54. g7 d1=Q 55. g8=Q+ Rd8 56. Qe6+ Rd7 57. Rf8+ Kb7 58. Qc6+ Ka7 1-0

[Event "Slovakia Chess Open 2024"]
[Site "Modra"]
[Date "2024.03.03"]
[Round "4.14"]
[White "Veres, Alex"]
[Black "Pikulik, Roman"]
[Result "1-0"]
[ECO "B35"]
[WhiteElo "1584"]
[BlackElo "1675"]
[Annotator "NA RC"]
[PlyCount "89"]
[EventDate "2024.02.29"]
[EventType "swiss"]
[EventCountry "SVK"]
[SourceTitle "playchess.com"]
[Source "ChessBase"]
[SourceQuality "1"]
[TimeControl "5400+30"]

1. e4 c5 2. Nf3 Nc6 3. d4 cxd4 4. Nxd4 g6 5. Nc3 Bg7 6. Be3 Nf6 7. Bc4 Qa5 8. Nb3 Qc7 9. O-O d6 10. f3 O-O 11. Qd2 Nb4 12. Bd3 Nxd3 13. cxd3 Be6 14. Nd4 a6 15. Rac1 Qd8 16. Nxe6 fxe6 17. d4 e5 18. Ne2 Rc8 19. Rxc8 Qxc8 20. Rc1 Qd7 21. dxe5 Ne8 22. exd6 Nxd6 23. Qd5+ Kh8 24. e5 Rf5 25. f4 Qb5 26. Qxb5 Nxb5 27. Rc8+ Rf8 28. Rxf8+ Bxf8 29. Nd4 Nc7 30. Kf2 e6 31. Nb3 Nd5 32. g3 Kg8 33. Bc5 b6 34. Bxf8 Kxf8 35. Ke2 Ke7 36. a3 Kd7 37. Kd3 a5 38. Ke4 Ne7 39. g4 Kc6 40. Nd4+ Kd7 41. h4 Nc6 42. Nxc6 Kxc6 43. f5 gxf5+ 44. gxf5 Kd7 45. fxe6+ 1-0

[Event "Slovakia Chess Open 2024"]
[Site "Modra"]
[Date "2024.03.03"]
[Round "4.15"]
[White "Li, Geng Hui"]
[Black "Gonda, Jan"]
[Result "1-0"]
[ECO "D20"]
[WhiteElo "1555"]
[BlackElo "1657"]
[Annotator "NA RC"]
[PlyCount "41"]
[EventDate "2024.02.29"]
[EventType "swiss"]
[EventCountry "SVK"]
[SourceTitle "playchess.com"]
[Source "ChessBase"]
[SourceQuality "1"]
[TimeControl "5400+30"]

1. d4 d5 2. c4 dxc4 3. e4 e6 4. Bxc4 a6 5. Nf3 b5 6. Bb3 Bb7 7. Bc2 c5 8. a4 b4 9. Be3 cxd4 10. Bxd4 Nf6 11. Nbd2 Nc6 12. Be3 Be7 13. h3 O-O 14. e5 Nd5 15. Qe2 Rc8 16. h4 Qc7 17. Bxh7+ Kxh7 18. Ng5+ Kg8 19. Qh5 Bxg5 20. hxg5 f6 21. g6 1-0

[Event "Slovakia Chess Open 2024"]
[Site "Modra"]
[Date "2024.03.03"]
[Round "4.16"]
[White "Gecik Jergus"]
[Black "Smolka, Robert"]
[Result "0-1"]
[ECO "B34"]
[WhiteElo "1000"]
[BlackElo "1620"]
[Annotator "NA RC"]
[PlyCount "60"]
[EventDate "2024.02.29"]
[EventType "swiss"]
[EventCountry "SVK"]
[SourceTitle "playchess.com"]
[Source "ChessBase"]
[SourceQuality "1"]
[TimeControl "5400+30"]

1. e4 c5 2. Nf3 Nc6 3. d4 cxd4 4. Nxd4 g6 5. Bc4 Bg7 6. Be3 Nf6 7. Qf3 Ne5 8. Qe2 Nxe4 9. Bb3 Nc5 10. Bh6 Qa5+ 11. Nc3 Bxh6 12. O-O d6 13. Qb5+ Qxb5 14. Ncxb5 O-O 15. Nc7 Rb8 16. Nd5 Re8 17. Nc7 Nxb3 18. cxb3 Rd8 19. Ncb5 Nc6 20. Rfd1 Bg4 21. Rd3 Bg7 22. h3 Bd7 23. Re1 Nxd4 24. Nxd4 e5 25. Nc2 Bf5 26. Rd2 Bh6 27. Rde2 Bd3 28. f4 Bxf4 29. Rf2 Bg3 30. Rxf7 Kxf7 0-1

[Event "Slovakia Chess Open 2024"]
[Site "Modra"]
[Date "2024.03.03"]
[Round "4.18"]
[White "Fratric, Jakub"]
[Black "Hanzel, Richard"]
[Result "1/2-1/2"]
[ECO "B13"]
[WhiteElo "1750"]
[BlackElo "1531"]
[Annotator "NA"]
[PlyCount "66"]
[EventDate "2024.02.29"]
[EventType "swiss"]
[EventCountry "SVK"]
[SourceTitle "playchess.com"]
[Source "ChessBase"]
[SourceQuality "1"]
[TimeControl "5400+30"]

1. e4 c6 2. d4 d5 3. exd5 cxd5 4. Bd3 Nc6 5. c3 Nf6 6. Bf4 Bg4 7. Qb3 Qb6 8. Qxb6 axb6 9. Na3 Kd7 10. Nb5 Ne8 11. h3 Bh5 12. Bg3 e6 13. Ne2 Bxe2 14. Kxe2 Nd6 15. a4 Be7 16. b4 h6 17. Rhe1 Rhc8 18. Kf3 Nxb5 19. Bxb5 Bd6 20. Re3 Bxg3 21. Kxg3 Ke7 22. f4 g6 23. Ra2 Rc7 24. Kh4 Rac8 25. Be2 Nd8 26. Ra3 Kd6 27. g4 Re7 28. g5 h5 29. Kg3 Nc6 30. Kf2 Nd8 31. Ke1 Nc6 32. Kd2 Nd8 33. Kc2 Nc6 1/2-1/2

[Event "Slovakia Chess Open 2024"]
[Site "Modra"]
[Date "2024.03.03"]
[Round "5.1"]
[White "Krivoborodov, Egor"]
[Black "Stevik, Patrik"]
[Result "1/2-1/2"]
[ECO "D34"]
[WhiteElo "2555"]
[BlackElo "2167"]
[Annotator "RC"]
[PlyCount "26"]
[EventDate "2024.02.29"]
[EventType "swiss"]
[EventCountry "SVK"]
[SourceTitle "playchess.com"]
[Source "ChessBase"]
[SourceQuality "1"]
[TimeControl "5400+30"]

1. d4 d5 2. Nf3 c5 3. c4 e6 4. cxd5 exd5 5. Nc3 Nf6 6. g3 Nc6 7. Bg2 Be7 8. O-O O-O 9. dxc5 Bxc5 10. Na4 Be7 11. Be3 Bg4 12. Rc1 Qd7 13. Nd4 Rfe8 1/2-1/2

[Event "Slovakia Chess Open 2024"]
[Site "Modra"]
[Date "2024.03.03"]
[Round "5.2"]
[White "Mruskovic, Radoslav"]
[Black "Bochnicka, Vladimir"]
[Result "0-1"]
[ECO "B22"]
[WhiteElo "1933"]
[BlackElo "2413"]
[Annotator "ChessBase"]
[PlyCount "52"]
[EventDate "2024.02.29"]
[EventType "swiss"]
[EventCountry "SVK"]
[SourceTitle "playchess.com"]
[Source "ChessBase"]
[SourceQuality "1"]
[TimeControl "5400+30"]

1. e4 c5 2. Nf3 Nc6 3. c3 Nf6 4. Qc2 e5 5. Bc4 Be7 6. d3 O-O 7. h3 d5 8. exd5 Nxd5 9. O-O Bf5 10. Re1 Qd6 11. Nbd2 Nb6 12. Ne4 Bxe4 13. Rxe4 Nxc4 14. dxc4 f5 15. Re1 e4 16. Nh2 Rad8 17. g3 Qe6 18. b3 Ne5 19. Be3 Nd3 20. Re2 g5 21. g4 f4 22. Bc1 f3 23. Re3 Bd6 24. Nxf3 Rxf3 25. Rxf3 exf3 26. Bxg5 Qe5 0-1